 Dungeon Crawl Stone Soup version 0.27-a0-1579-g97d2440184 (webtiles) character file.

Game seed: 13065181892517695149

414 Sobieck the Insei (level 6, -3/42 HPs)
             Began as an Octopode Transmuter on July 17, 2021.
             Killed from afar by Dowan (18 damage)
             ... with a shard of ice
             ... on level 4 of the Dungeon.
             The game lasted 00:07:38 (5020 turns).

Sobieck the Insei (Octopode Transmuter)             Turns: 5020, Time: 00:07:39

Health: -3/42      AC:  1    Str: 10    XL:     6   Next: 91%
Magic:  0/18       EV: 14    Int: 17    God:
Gold:   143        SH:  0    Dex: 12    Spells: 8/9 levels left

rFire    . . .     SeeInvis .     - Unarmed
rCold    . . .     Faith    .   (no shield)
rNeg     . . .     Spirit   +   (helmet currently unavailable)
rPois    .         Reflect  .   d - amulet of guardian spirit
rElec    .         Harm     .   m - ring of magical power
rCorr    .         Rampage  .   (no ring)
Will     .....                  (no ring)
Stlth    ++........             (no ring)
HPRegen  0.14/turn              (no ring)
MPRegen  0.16/turn              (no ring)
                                (no ring)
                                (no ring)

@: appendages (expiring)
A: tentacle spike 3, almost no armour, amphibious, 8 rings, camouflage 1,
gelatinous body 1, (nimble swimmer 1), tentacles
a: End Transformation


You were on level 4 of the Dungeon.
One of your tentacles had grown a beastly spike.
You visited 1 branch of the dungeon, and saw 4 of its levels.

You collected 143 gold pieces.


Innate Abilities, Weirdness & Mutations

One of your tentacles has grown a beastly spike.
You cannot wear most types of armour.
You are amphibious.
You can wear up to eight rings at the same time.
Your skin changes colour to match your surroundings (Stealth+).
Your rubbery body absorbs attacks. (AC +1, EV +1)
((You are camouflaged near water. (Stealth+)))
You have tentacles for arms and can constrict up to eight enemies at once.


   Skills:
 + Level 3.4 Fighting
 + Level 3.8 Dodging
 + Level 4.5 Unarmed Combat
 - Level 2.0 Spellcasting
 + Level 3.8 Transmutations


You had 8 spell levels left.
You knew the following spells:

 Your Spells              Type           Power      Damage    Failure   Level
a - Beastly Appendage     Tmut           28%        N/A       4%          1

Your spell library contained the following spells:

 Spells                   Type           Power      Damage    Failure   Level
 Wereblood                Tmut           14%        N/A       6%          2
 Sting                    Tmut/Pois      32%        1d4       9%          1
 Foxfire                  Conj/Fire      4%         2x1d4     19%         1
 Spider Form              Tmut/Pois      4%         N/A       26%         3
 Poisonous Vapours        Pois/Air       2%         N/A       28%         2
 Stone Arrow              Conj/Erth      2%         3d7       50%         3
 Ice Form                 Ice/Tmut       8%         N/A       65%         4
 Olgreb's Toxic Radiance  Pois           1%         N/A       88%         4
 Fireball                 Conj/Fire      0%         3d3       99%         5
 Lee's Rapid Deconstruct  Erth           0%         3d5*      99%         5
 Iron Shot                Conj/Erth      0%         9d1       100%        6
 Lehudib's Crystal Spear  Conj/Erth      0%         10d2      100%        8
 Animate Armour           Summ/Erth      Unusable   N/A       N/A         4

Inventory:

Missiles
 b - 85 bolts
 c - 101 stones {throwing}
 f - a throwing net {=f!fthrowing}
 g - 12 arrows
 r - 4 silver boomerangs {throwing}
Magical Staves
 n - a staff of earth {!astaff}
   (You found it on level 4 of the Dungeon)
Jewellery
 d - an amulet of guardian spirit (around mantle)
   (You found it on level 2 of the Dungeon)
 m - a ring of magical power (left tentacle)
   (You found it on level 4 of the Dungeon)
Wands
 i - a wand of mindburst (19)
   (You found it on level 2 of the Dungeon)
 l - a wand of iceblast (6)
   (You found it on level 3 of the Dungeon)
Scrolls
 h - a scroll of noise {!r}
 k - a scroll of holy word {unknown}
 p - a scroll of teleportation {@r4}
 q - 5 scrolls of identify {@r1}
Potions
 a - a potion of curing {@q1}
 e - a potion of heal wounds {@q2}
 j - a potion of flight
 o - a potion of lignification {unknown}

Dungeon Overview and Level Annotations

Branches:
Dungeon (4/15)
 Temple: D:4-7

Altars:
Elyvilon
Wu Jian
Yredelemnul
Zin

Annotations:
D:4 Dowan

... ... ... #. #.#
#. ##.. #. .g# .###
#e# ...#
#@#############...
#............##..#
##.##########.##..#
#..# #.##..# #.##
#.##..# #.# #.##..#
####.# ##.##..#
..##.#
########<#.#..#
#.##.#
#......)###...#


You could see Dowan (fast) and a gnoll.


Message History

Dowan shouts!
The hound bites you. 😕 HP[-1]
You take 1 damage, and now have 41/42 hp.
Duvessa shouts!
You tentacle-slap the hound but do no damage.
Your grab misses the hound. Your squeeze misses the hound.
The hound misses you.
A gnoll comes into view. It is wielding a +0 flail.
Dowan gestures wildly while chanting.
Dowan blinks!
The hound closely misses you.
The gnoll shouts!
You tentacle-slap the hound. You grab the hound. You constrict the hound.
The hound bites you. 😕 HP[-2] MP[-1]
You take 2 damage, and now have 39/42 hp.
You lost 1 mp, and now have 16/18 mp.
You tentacle-slap the hound. You constrict the hound.
An endoplasm comes into view.
The hound bites you. 😕 HP[-3] MP[-1]
You take 3 damage, and now have 36/42 hp.
You lost 1 mp, and now have 15/18 mp.
You tentacle-slap the hound. You constrict the hound.
You kill the hound! 😕 MP[+1]
You tentacle-slap the endoplasm.
The endoplasm barely misses you. 😕 HP[+1]
You tentacle-slap the endoplasm.
You pierce the endoplasm.
You kill the endoplasm!
You barely miss Duvessa. You grab Duvessa.
You squeeze Duvessa, but do no damage. You constrict Duvessa.
Duvessa completely misses you.
You tentacle-slap Duvessa but do no damage.
You constrict Duvessa. Duvessa misses you.
You tentacle-slap Duvessa but do no damage.
You squeeze Duvessa, but do no damage. You constrict Duvessa.
Duvessa hits you with a +0 short sword. 😕 HP[-3] MP[-1]
You take 3 damage, and now have 34/42 hp.
You lost 1 mp, and now have 15/18 mp.
You tentacle-slap Duvessa but do no damage.
You pierce Duvessa, but do no damage.
You squeeze Duvessa.
You constrict Duvessa, but do no damage.
Duvessa closely misses you. 😕 MP[+1]
You bludgeon Duvessa! You squeeze Duvessa. You constrict Duvessa.
Duvessa hits you with a +0 short sword. 😮 HP[-3] MP[-2]
You take 3 damage, and now have 31/42 hp.
You lost 2 mp, and now have 14/18 mp.
You are too injured to fight recklessly!
You are too injured to fight recklessly!
You are too injured to fight recklessly!
You are too injured to fight recklessly!
You are too injured to fight recklessly!
You tentacle-slap Duvessa but do no damage.
You pierce Duvessa, but do no damage.
You constrict Duvessa.
Duvessa hits you with a +0 short sword! 😮 HP[-4] MP[-2]
You take 4 damage, and now have 27/42 hp.
You lost 2 mp, and now have 12/18 mp.
You tentacle-slap Duvessa but do no damage.
You squeeze Duvessa.
You constrict Duvessa, but do no damage.
You completely miss Duvessa.
You pierce Duvessa.
You constrict Duvessa. Duvessa hits you but does no damage.
You tentacle-slap Duvessa but do no damage.
You constrict Duvessa, but do no damage.
Duvessa hits you with a +0 short sword!
* * * LOW HITPOINT WARNING * * *
😨 HP[-7] MP[-3]
You take 7 damage, and now have 20/42 hp.
You lost 3 mp, and now have 9/18 mp.
You tentacle-slap Duvessa.
Your transformation is almost over.
You constrict Duvessa. Duvessa barely misses you.
Dowan gestures at Duvessa while chanting.
Duvessa seems to speed up.
You tentacle-slap Duvessa but do no damage.
You squeeze Duvessa, but do no damage.
You constrict Duvessa, but do no damage.
Duvessa misses you. 😨 MP[+1]
You tentacle-slap Duvessa but do no damage.
You squeeze Duvessa, but do no damage. You constrict Duvessa.
You kill Duvessa!
Dowan screams, "No!
Oh no!"
Dowan seems to find hidden reserves of power!
You barely miss Dowan. Your grab misses Dowan. Dowan hits you with a +0 dagger.
* * * LOW HITPOINT WARNING * * *
😨 HP[-4] MP[-2]
You take 4 damage, and now have 16/42 hp.
You lost 2 mp, and now have 8/18 mp.
You miss Dowan. Your grab misses Dowan. You squeeze Dowan!
Dowan hits you with a +0 dagger.
* * * LOW HITPOINT WARNING * * *
Dowan gestures at you while chanting. The shard of ice hits you!!
You die...

Skill      XL: |  1  2  3  4  5 |
---------------+----------------+-----
Fighting       | 2 3 |  3.4
Dodging        | 3 |  3.8
Transmutations | 3 |  3.8
Unarmed Combat | 4 |  4.5
Spellcasting   | |  2.0

Action                   |  1- 3 |  4- 6 || total
-------------------------+-------+-------++-------
Melee: Unarmed           |    79 |   126 ||   205
       Tentacles         |    18 |    25 ||    43
       Constrict         |    18 |    30 ||    48
       Kick              |    10 |    20 ||    30
       Punch             |     1 |     2 ||     3
 Cast: Beastly Appendage |    11 |    23 ||    34
  Use: Scroll            |       |     7 ||     7
       Potion            |       |     1 ||     1
 Stab: Sleeping          |     8 |     7 ||    15
Armor: Skin              |     7 |     4 ||    11
Dodge: Dodged            |    53 |    53 ||   106

Levels and vault maps discovered:
D:1:      wander_arrival_desolate, layout_rooms, shapermc_ecumenical_altar_venn,
          chequers_serial_rivers_micro_a
D:2:      layout_basic, basic_altar, kennysheep_generic_room_11
D:3:      corexii_shack_village, layout_loops_corners, kennysheep_ying_yang,
          serial_bayou_pond_c, minivault_25, hangedman_abyss_or_decor_stabs,
          minmay_puff
D:4:      layout_loops_ring, enter_ossuary_1, kennysheep_flooded_box,
          chequers_hall_statues_corner_a, uniq_duvessa

Notes
Turn   | Place    | Note
-------+----------+-------------------------------------------
     0 | D:1      | Sobieck the Octopode Transmuter began the quest for the
                  | Orb.
     0 | D:1      | Reached XP level 1. HP: 13/13 MP: 3/3
     0 | D:1      | magus.rc [v1.9.6]
     5 | D:1      | You pick up a book of Armaments and begin reading...
     5 | D:1      | You add the spells Stone Arrow and Lehudib's Crystal Spear
                  | to your library.
   351 | D:1      | Reached XP level 2. HP: 15/18 MP: 5/5
   764 | D:1      | Found a faded altar of an unknown god.
   944 | D:2      | Reached XP level 3. HP: 21/23 MP: 4/6
  1157 | D:2      | You add the spells Sting, Poisonous Vapours and Olgreb's
                  | Toxic Radiance to your library.
  1472 | D:2      | Reached skill level 2 in Fighting
  1474 | D:2      | Reached XP level 4. HP: 29/29 MP: 5/7
  1532 | D:2      | Found a glowing silver altar of Zin.
  1717 | D:2      | You add the spells Foxfire, Fireball, Lee's Rapid
                  | Deconstruction and Iron Shot to your library.
  1717 | D:2      | Got the Disquisition on Stones and Heat
  2182 | D:3      | HP: 4/29 [gnoll (5)]
  2795 | D:4      | Found an ornate altar of the Wu Jian Council.
  2956 | D:4      | Reached skill level 3 in Dodging
  2956 | D:4      | Reached skill level 3 in Transmutations
  2956 | D:4      | Reached XP level 5. HP: 30/35 MP: 8/8
  3562 | D:3      | Reached skill level 4 in Unarmed Combat
  4434 | D:3      | Reached skill level 3 in Fighting
  4434 | D:3      | Reached XP level 6. HP: 26/42 MP: 9/9
  4652 | D:3      | Found a basalt altar of Yredelemnul.
  4878 | D:3      | Found a white marble altar of Elyvilon.
  4998 | D:4      | Noticed Duvessa
  4999 | D:4      | Noticed Dowan
  5018 | D:4      | Killed Duvessa
  5020 | D:4      | Killed from afar by Dowan

Vanquished Creatures
  Duvessa (D:4)
  A scorpion (D:3)
  A hound (D:4)
  2 iguanas (D:4)
  A hound skeleton (D:2)
  2 adders
  5 gnolls
  An adder skeleton (D:4)
  2 worms (D:2)
  2 dart slugs
  2 orcs
  7 endoplasms
  3 giant cockroaches
  5 goblins
  14 hobgoblins
  3 jackals (D:2)
  A quokka (D:2)
  5 ball pythons
  5 bats
  4 frilled lizards
  4 kobolds
  6 rats
77 creatures vanquished.

Vanquished Creatures (others)
  13 plants (D:3)
13 creatures vanquished.

Grand Total: 90 creatures vanquished

Table legend:
 A = Non-vault XP
 B = Vault XP
 C = Vault XP percentage of total XP
 D = Non-vault monster count
 E = Vault monster count
 F = Vault count percentage of total count
                 A         B        C        D         E       F
            +---------+---------+-------+---------+---------+-------
      Total |     417 |     175 |  29.6 |      62 |      15 |  19.5
            +---------+---------+-------+---------+---------+-------
        D:1 |      31 |       0 |   0.0 |      17 |       0 |   0.0
        D:2 |      54 |       3 |   5.3 |      19 |       2 |   9.5
        D:3 |     162 |      23 |  12.4 |      14 |      12 |  46.2
        D:4 |     170 |     149 |  46.7 |      12 |       1 |   7.7
            +---------+---------+-------+---------+---------+-------

Illustrated notes

Table legend:
 A = Kills in this place as a percentage of kills in entire the game.
 B = Kills by you in this place as a percentage of kills by you in the entire game.
 C = Kills by friends in this place as a percentage of kills by friends in the entire game.
 D = Other kills in this place as a percentage of other kills in the entire game.
 E = Experience gained in this place as a percentage of experience gained in the entire game.
 F = Experience gained in this place divided by the number of levels of this place that you have seen.
                   A       B       C       D       E      F
               +-------+-------+-------+-------+-------+----------------------
         Total | 100.0 | 100.0 |   N/A |   N/A | 100.0 | 148.0
       Dungeon | 100.0 | 100.0 |   N/A |   N/A | 100.0 | 148.0
               +-------+-------+-------+-------+-------+----------------------

Table legend: (Time is in decaauts)
 A = Elapsed time spent in this place.
 B = Non-inter-level travel time spent in this place.
 C = Inter-level travel time spent in this place.
 D = Time resting spent in this place.
 E = Time spent auto-exploring this place.
 F = Levels seen in this place.
 G = Mean time per level.
                   A        B        C        D        E       F      G
               +--------+--------+--------+--------+--------+-----+--------+
         Total |   5015 |   4822 |    193 |   1527 |   2672 |   4 | 1253.8 |
       Dungeon |   5015 |   4822 |    193 |   1527 |   2672 |   4 | 1253.8 |
               +--------+--------+--------+--------+--------+-----+--------+

Top non-repeatable levels by time:
     D:3: 1862 daAuts
     D:2: 1128 daAuts
     D:4: 1109 daAuts
     D:1: 914 daAuts
